 Dungeon Crawl Stone Soup version 0.24.0-41-g2ae2f7f1be (webtiles) character file.

Game seed: 17285031462965907302, levelgen mode: deterministic

21392 Delamore the Severer (level 12, -7/118 HPs)
             Began as a Hill Orc Fighter on Dec 14, 2019.
             Was the Champion of Okawaru.
             Mangled by an orc warrior
             ... wielding a +0 scimitar
              (22 damage)
             ... on level 2 of the Orcish Mines.
             The game lasted 00:18:36 (12886 turns).

Delamore the Severer (Hill Orc Fighter)            Turns: 12886, Time: 00:18:36

Health: -7/118     AC: 21    Str: 23    XL:     12   Next: 89%
Magic:  0/12       EV:  6    Int:  8    God:    Okawaru [******]
Gold:   2001       SH:  9    Dex: 11    Spells: 11/11 levels left

rFire    . . .     SeeInvis .   u - +2 hand axe (vamp)
rCold    . . .     Gourm    .   c - +0 shield
rNeg     + + .     Faith    .   x - +6 chain mail "Cocwuegu" {MR+}
rPois    .         Spirit   +   q - +0 helmet of the Exiled Curses {rN+}
rElec    .         Reflect  .   D - scarf {repulsion}
rCorr    +         Harm     .   v - +0 pair of gloves
MR       +....                  (no boots)
Stlth    ..........             C - amulet of guardian spirit
HPRegen  0.29/turn              L - ring of resist corrosion
MPRegen  0.13/turn              K - ring of positive energy

@: about to teleport, repel missiles
A: no striking features
a: Heroism, Finesse, Renounce Religion


You were on level 2 of the Orcish Mines.
You worshipped Okawaru.
Okawaru was exalted by your worship.
You were not hungry.

You visited 3 branches of the dungeon, and saw 14 of its levels.

You collected 2036 gold pieces.
You spent 35 gold pieces at shops.

Inventory:

Hand Weapons
 a - a +0 war axe
 u - a +2 vampiric hand axe (weapon)
 z - a +3 executioner's axe of distortion
Missiles
 j - 3 boomerangs of dispersal (quivered)
 A - 3 atropa-tipped darts
 O - 6 silver boomerangs
Armour
 c - a +0 shield (worn)
 l - a +1 cloak
 q - the +0 helmet of the Exiled Curses (worn) {rN+}
   (You found it on level 9 of the Dungeon)

   It protects you from negative energy.
 v - a +0 pair of gloves (worn)
 x - the +6 chain mail "Cocwuegu" (worn) {MR+}
   (You found it on level 4 of the Dungeon)

   It affects your resistance to hostile enchantments.
 D - a scarf of repulsion (worn)
Jewellery
 C - an amulet of guardian spirit (around neck)
 K - a ring of positive energy (right hand)
 L - a ring of resist corrosion (left hand)
 T - an uncursed ring of ice
Wands
 y - a wand of polymorph (19)
 E - a wand of paralysis (11)
 F - a wand of acid (6)
 M - a wand of flame (15)
 P - a wand of disintegration (9)
Scrolls
 h - 2 scrolls of amnesia
 k - 4 scrolls of teleportation
 m - 3 scrolls of immolation {unknown}
 p - 2 scrolls of holy word {unknown}
 r - a scroll of noise {unknown}
 t - 3 scrolls of remove curse {unknown}
 w - 4 scrolls of enchant weapon {unknown}
 B - 3 scrolls of magic mapping {unknown}
 J - a scroll of fog {unknown}
 R - a scroll of blinking {unknown}
 S - 2 scrolls of identify
Potions
 b - a potion of cancellation
 d - a potion of might
 e - a potion of resistance
 g - 5 potions of brilliance
 n - 2 potions of lignification
 s - 4 potions of curing
 H - a potion of agility {unknown}
 I - 2 potions of haste
 N - a potion of ambrosia {unknown}
Comestibles
 f - 16 rations


   Skills:
 + Level 14.5 Fighting
 * Level 16.3 Axes
 - Level 12.1 Armour
 - Level 3.2 Shields


You had 11 spell levels left.
You didn't know any spells.
Your spell library contained the following spells:

 Spells                   Type           Power        Failure   Level  Hunger
 Magic Dart               Conj           #...         100%        1    ##.....
 Blink                    Tloc           N/A          100%        2    ###....
 Call Imp                 Summ           #.......     100%        2    ###....
 Searing Ray              Conj           #.....       100%        2    ###....
 Slow                     Hex            #.......     100%        2    ###....
 Conjure Flame            Conj/Fire      #.......     100%        3    ####...
 Dazzling Spray           Conj/Hex       #.....       100%        3    ####...
 Mephitic Cloud           Conj/Pois/Air  #.......     100%        3    ####...
 Force Lance              Conj/Tloc      #.......     100%        4    #####..
 Fulminant Prism          Conj/Hex       #.........   100%        4    #####..
 Iskenderun's Mystic Bla  Conj           #.......     100%        4    #####..


Dungeon Overview and Level Annotations

Branches:
Dungeon (11/15)            Temple (1/1) D:6            Lair (0/6) D:9
    Orc (2/2) D:11            Elf (0/3) Orc:2

Altars:
Ashenzari
Cheibriados
Dithmenos
Elyvilon
Fedhas
Gozag
Hepliaklqana
Kikubaaqudgha
Makhleb
Nemelex Xobeh
Okawaru
Qazlal
Ru
Sif Muna
Trog
Uskayaw
Vehumet
Wu Jian
Xom
Yredelemnul
Zin
The Shining One

Shops:
D:5 ?   D:6 [

Portals:
Trove: D:10 (give 8 potions of haste)

Annotations:
D:8 2 transporters, H0rd4k's ghost, novice DEWz


Message History

The orc warrior hits you with a +0 scimitar!
* * * LOW HITPOINT WARNING * * *
Items here: $ ( ))) [[ †† You are too injured to fight recklessly!
You are too injured to fight recklessly!
Unknown command.
You hit the orc warrior but do no damage.
The orc warrior is severely wounded.
You hit the orc knight but do no damage.
You block the orc knight's attack.
You closely miss the orc knight.
The orc knight is moderately wounded.
You closely miss the orc warrior.
The orc warrior hits you with a +0 scimitar!!
* * * LOW HITPOINT WARNING * * *
Okay, then.
As you read the scroll of teleportation, it crumbles to dust.
You feel strangely unstable. The orc knight barely misses you.
The orc warrior hits you with a +0 scimitar!!
You die...

#.......[[....##..ooooo
##.....#......##o.oo#oo
###..........# #...o.o
##.#.........# #...#oo
#............# #..ooo
##...........# #..#)o
###.#..........# ##..).
##......).......#######..
......))@.......#......).
........oo....[.#........
........)....$.[.........
#............))[.........
..............[$)........
..............$$.).......
................)........
##.............o.........
.#......................


You could see an orc knight, an orc warrior and an orc (wandering).

Vanquished Creatures
  Fannar (Orc:1)
  3 two-headed ogres
  A centaur warrior (D:11)
  An orc high priest (Orc:2)
  An unseen horror (D:10)
  3 orc sorcerers (Orc:1)
  3 orc knights (Orc:2)
  A manticore (D:11)
  Psyche (D:11)
  5 trolls
  3 hippogriffs
  5 yaks (D:11)
  2 hungry ghosts
  Menkaure (D:6)
  A soldier ant (D:11)
  3 wargs
  An acid dragon (D:11)
  3 water moccasins
  2 ice beasts
  19 orc warriors
  3 sky beasts
  2 necrophages
  4 phantoms
  4 black bears
  12 ogres
  7 centaurs
  3 wolves (D:9)
  A crocodile (D:11)
  5 bullfrogs
  A wyvern skeleton (D:9)
  7 scorpions
  4 electric eels (D:9)
  17 killer bees
  14 wights
  2 howler monkeys
  8 crimson imps
  A quasit (D:5)
  A centaur zombie (D:7)
  A jelly (D:6)
  30 orc priests
  3 bullfrog skeletons
  13 hounds
  16 orc wizards
  3 centaur skeletons
  Jessica (D:2)
  2 iguanas
  8 worker ants
  2 worker ant zombies
  8 gnolls
  A howler monkey skeleton (D:4)
  12 adders
  2 shadow imps
  An adder zombie (D:7)
  An adder skeleton (D:7)
  A worm (D:6)
  2 dart slugs (D:1)
  7 leopard geckos
  75 orcs
  5 giant cockroaches
  4 hobgoblins
  20 jackals
  6 kobolds (D:1)
  6 quokkas
  9 bats
  3 frilled lizards
  9 goblins
  A leopard gecko skeleton (D:4)
  A quokka skeleton (D:7)
  4 rats
413 creatures vanquished.

Vanquished Creatures (others)
  An orc warrior (Orc:2)
  2 orc priests (Orc:2)
  2 orcs
5 creatures vanquished.

Grand Total: 418 creatures vanquished

Notes
Turn   | Place    | Note
-------+----------+-------------------------------------------
     0 | D:1      | Delamore the Hill Orc Fighter began the quest for the Orb.
     0 | D:1      | Reached XP level 1. HP: 19/19 MP: 1/1
    19 | D:1      | Reached skill level 3 in Axes
    35 | D:1      | Reached XP level 2. HP: 26/26 MP: 2/2
    58 | D:1      | Reached skill level 4 in Axes
   316 | D:1      | Reached XP level 3. HP: 31/31 MP: 3/3
   406 | D:1      | Reached skill level 5 in Axes
   682 | D:1      | You fall into a shaft and drop 1 floor!
   757 | D:2      | Reached XP level 4. HP: 36/39 MP: 4/4
  1154 | D:2      | Found a stormy altar of Qazlal.
  1160 | D:2      | Noticed a fire elemental
  1384 | D:2      | Noticed Jessica
  1397 | D:2      | Killed Jessica
  1397 | D:2      | Reached skill level 6 in Axes
  1546 | D:2      | Noticed an air elemental
  1547 | D:2      | Noticed a water elemental
  1547 | D:2      | Noticed an earth elemental
  1732 | D:3      | Reached skill level 7 in Axes
  1732 | D:3      | Reached XP level 5. HP: 39/45 MP: 5/5
  1977 | D:3      | Reached skill level 8 in Axes
  1977 | D:3      | Reached XP level 6. HP: 48/51 MP: 6/6
  2527 | D:4      | Reached skill level 9 in Axes
  2535 | D:4      | Reached XP level 7. HP: 35/57 MP: 7/7
  2708 | D:4      | Reached skill level 10 in Axes
  2746 | D:4      | Got a heavily runed chain mail
  2757 | D:4      | Identified the +6 chain mail "Cocwuegu" {MR+} (You found it
                  | on level 4 of the Dungeon)
  3224 | D:5      | Entered Level 5 of the Dungeon
  3265 | D:5      | Reached skill level 11 in Axes
  3289 | D:5      | Reached XP level 8. HP: 39/64 MP: 8/8
  3606 | D:5      | Reached skill level 12 in Axes
  3736 | D:5      | Reached skill level 5 in Fighting
  3764 | D:5      | Found Apuugoxi's Magic Scroll Emporium.
  3950 | D:5      | Bought a scroll of fear for 35 gold pieces
  4551 | D:6      | Found Baiwetuw's Armour Emporium.
  4611 | D:6      | Reached skill level 13 in Axes
  4611 | D:6      | Reached XP level 9. HP: 76/78 MP: 9/9
  4614 | D:6      | Found a staircase to the Ecumenical Temple.
  4625 | Temple   | Entered the Ecumenical Temple
  4828 | Temple   | Became a worshipper of Warmaster Okawaru
  5041 | D:6      | Noticed Menkaure
  5050 | D:6      | Killed Menkaure
  5307 | D:6      | Found a glowing silver altar of Zin.
  5319 | D:6      | Found an ancient bone altar of Kikubaaqudgha.
  5538 | D:6      | Found a shimmering blue altar of Sif Muna.
  5548 | D:6      | Found a burning altar of Makhleb.
  5789 | D:7      | Reached * piety under Okawaru
  6619 | D:8      | Reached skill level 14 in Axes
  6668 | D:8      | Reached ** piety under Okawaru
  6704 | D:8      | Reached XP level 10. HP: 91/91 MP: 10/10
  6786 | D:8      | Found a transporter.
  6786 | D:8      | Noticed H0rd4k's ghost (novice DEWz)
  6793 | D:8      | Found an iron altar of Okawaru.
  6801 | D:8      | Found a transporter.
  6850 | D:8      | Reached skill level 10 in Fighting
  6887 | D:8      | Reached skill level 15 in Axes
  7205 | D:8      | Reached *** piety under Okawaru
  7467 | D:9      | Got a brightly glowing helmet
  7473 | D:9      | Identified the +0 helmet of the Exiled Curses {rN+} (You
                  | found it on level 9 of the Dungeon)
  7518 | D:9      | Reached **** piety under Okawaru
  7561 | D:9      | Reached skill level 16 in Axes
  7674 | D:9      | Found a staircase to the Lair.
  7999 | D:9      | Found an opulent altar of Gozag.
  8044 | D:9      | Reached XP level 11. HP: 104/104 MP: 8/11
  8084 | D:10     | Entered Level 10 of the Dungeon
  8250 | D:10     | Noticed a two-headed ogre
  8269 | D:10     | Killed a two-headed ogre
  8269 | D:10     | Reached skill level 5 in Armour
  8279 | D:10     | Killed an unseen horror
  8279 | D:10     | Reached ***** piety under Okawaru
  8529 | D:10     | Found a portal to a secret trove of treasure.
  8609 | D:10     | Noticed a two-headed ogre
  8623 | D:10     | Killed a two-headed ogre
  8623 | D:10     | Received a gift from Okawaru
  8992 | D:11     | Noticed a centaur warrior
  8993 | D:11     | Found a staircase to the Orcish Mines.
  9005 | D:11     | Killed a centaur warrior
  9072 | D:11     | Noticed Psyche
  9079 | D:11     | Killed Psyche
  9351 | D:11     | Noticed a two-headed ogre
  9371 | D:11     | Killed a two-headed ogre
  9819 | D:11     | Noticed a manticore
  9834 | D:11     | Killed a manticore
  9849 | D:11     | Received a gift from Okawaru
  9849 | D:11     | Reached XP level 12. HP: 94/115 MP: 12/12
  9852 | D:11     | Got a sheer robe {god gift}
  9863 | D:11     | Identified the +0 robe of the Lobster {rElec Slay+6}
                  | (Okawaru gifted it to you on level 11 of the Dungeon)
 10252 | Orc:1    | Entered Level 1 of the Orcish Mines
 10366 | Orc:1    | Reached skill level 10 in Armour
 10708 | Orc:2    | Entered Level 2 of the Orcish Mines
 11055 | Orc:2    | Found a staircase to the Elven Halls.
 11094 | Orc:1    | Noticed Fannar
 11139 | Orc:1    | Killed Fannar
 11712 | Orc:2    | Noticed an orc high priest
 11720 | Orc:2    | Noticed an orc high priest
 12558 | Orc:2    | Reached ****** piety under Okawaru
 12562 | Orc:2    | Received a gift from Okawaru
 12594 | Orc:2    | Killed an orc high priest
 12886 | Orc:2    | Mangled by an orc warrior

Levels and vault maps discovered:
D:1:      lemuel_arrival_muddy, layout_loops_ring
D:2:      layout_loops_corners, nicolae_qazlal_style_of_elements, uniq_jessica
D:3:      cheibrodos_pilgrimage, layout_loops_ring
D:4:      layout_rooms, serial_forest, infiniplex_forest_lined_room_2,
          infiniplex_forest_end_1, infiniplex_forest_end_3,
          infiniplex_forest_lined_room_, infiniplex_forest_clump_small,
          infiniplex_forest_lined_3, infiniplex_forest_clump_diagonal,
          first_ration
D:5:      layout_layer_cave, serial_shops, shop
D:6:      layout_basic, nicolae_overflow_quartered_altars,
          minmay_temple_entry_waves, serial_shops, shop, uniq_menkaure
D:7:      minmay_general_purpose_star, layout_basic, feat_on_display
D:8:      layout_gridville, basic_altar, gammafunk_ghost_mausoleum
D:9:      layout_cross, erik_lair_island, basic_altar
D:10:     layout_basic, nicolae_trove_entry_free_sample
D:11:     layout_basic, orc_0_dummy, serial_curves, eino_curves_03,
          eino_curves_03, uniq_psyche
Temple:   eino_narrow_crystal_temple
Orc:1:    layout_caves, uniq_fannar
Orc:2:    st_orc_pillars, layout_caves

Skill      XL: |  1  2  3  4  5  6  7  8  9 10 11 12 |
---------------+-------------------------------------+-----
Axes           | 3 4 5 7 8 9 11 13 14 16 | 16.3
Fighting       | 6 9 11 13 14 | 14.5
Armour         | 9 12 | 12.1
Shields        | |  3.2

Action                   |  1- 3 |  4- 6 |  7- 9 | 10-12 || total
-------------------------+-------+-------+-------+-------++-------
Melee: War axe           |   136 |    73 |       |       ||   209
       Hand axe          |       |    65 |   523 |  1167 ||  1755
  Use: Scroll            |       |       |     6 |     8 ||    14
       Potion            |       |       |     1 |     6 ||     7
 Stab: Invisible         |       |       |       |    45 ||    45
  Eat: Chunk             |       |     5 |    14 |    20 ||    39
       Ration            |       |       |       |     2 ||     2
Armor: Scale mail        |     9 |       |       |       ||     9
       Plate armour      |    72 |    93 |    39 |       ||   204
       Chain mail        |       |       |   170 |   631 ||   801
Dodge: Dodged            |    25 |    23 |    62 |   268 ||   378
       Deflected         |       |       |       |    12 ||    12
Block: Shield            |    64 |    66 |   143 |   465 ||   738
